 Dungeon Crawl Stone Soup version 0.28-a0-305-g9e858e973b (webtiles) character file.

Game seed: 5899871283222398562

2 dolemite99 the Skirmisher (level 1, -1/20 HPs)
             Began as a Djinni Cinder Acolyte on Aug 30, 2021.
             Was a High Priest of Ignis.
             Slain by a giant cockroach (2 damage)
             ... on level 1 of the Dungeon.
             The game lasted 00:00:08 (41 turns).

dolemite99 the Skirmisher (Djinni Cinder Acolyte)     Turns: 41, Time: 00:00:08

Health: -1/20      AC:  2    Str: 14    XL:     1   Next: 44%
Gold:   0          EV: 11    Int: 14    God:    Ignis [*****.] SH:  0 Dex:  8

rFire   + + +      SeeInvis .   a - -1 falchion (flame)
rCold   x . .      Faith    .   (no shield)
rNeg    . . .      Spirit   .   b - +0 robe
rPois   ∞          Reflect  .   (no helmet)
rElec   .          Harm     .   (no cloak)
rCorr   .          Rampage  .   (no gloves)
Will    .....                   (boots unavailable)
Stlth   +.........              (no amulet)
HPRegen 0.06/turn               (no ring)
MPRegen 0.00/turn               (no ring)

@: flying
A: sickness immunity, fire resistance 2, cold vulnerability 1, float, innate
caster, hp casting, extra vitality 1
a: Renounce Religion, Sea of Fire, Foxfire Swarm, Rising Flame


You were on level 1 of the Dungeon.
You worshipped Ignis.
Ignis was extremely pleased with you.
You visited 1 branch of the dungeon, and saw 1 of its levels.

Inventory:

Hand Weapons
 a - a -1 falchion of flaming (weapon)
Armour
 b - a +0 robe (worn)


   Skills:
 + Level 3.0 Fighting
 + Level 2.7 Long Blades
 + Level 1.0 Spellcasting


You had one spell level left.
You knew the following spells:

 Your Spells              Type           Power      Damage    Failure   Level
a - Foxfire               Conj/Fire      12%        2x1d4     17%         1
Your spell library was empty.

Dungeon Overview and Level Annotations

Branches:
Dungeon (1/15)

Altars:


Innate Abilities, Weirdness & Mutations

You are immune to sickness and miasma.
You are immune to poison.
Your flesh is very heat resistant. (rF++)
You are vulnerable to cold. (rC-)
You float through the air rather than walking.
You learn spells naturally, not from books.
Your magical power is your life essence.
You have superior vitality. (+4 HP)


Message History

A giant cockroach and a hobgoblin come into view.
Found a scroll labelled DAAC NEXUM.
Found a stone staircase leading down.
The hobgoblin shouts!
The giant cockroach bites you. The giant cockroach barely misses you.
The giant cockroach barely misses you. The hobgoblin hits you.
Casting: Foxfire (safe; 17% risk of failure)
Confirm with . or Enter, or press ? or * to list all spells.
You conjure some foxfire!
The giant cockroach bites you but does no damage.
The foxfire hits the giant cockroach.
The giant cockroach is heavily wounded.
The hobgoblin closely misses you.
The foxfire hits the giant cockroach but does no damage.
The hobgoblin hits you. The giant cockroach bites you.
The hobgoblin closely misses you.
You closely miss the giant cockroach.
The giant cockroach is heavily wounded.
The hobgoblin barely misses you. The giant cockroach closely misses you.
The giant cockroach bites you but does no damage.
The hobgoblin barely misses you.
Casting: Foxfire (safe; 17% risk of failure)
Confirm with . or Enter, or press ? or * to list all spells.
You conjure some foxfire!
The giant cockroach bites you.
* * * LOW HITPOINT WARNING * * *
The giant cockroach bites you.
* * * LOW HITPOINT WARNING * * *
The hobgoblin hits you but does no damage.
The hobgoblin closely misses you. The giant cockroach closely misses you.
The giant cockroach completely misses you.
The foxfire hits the giant cockroach.
The giant cockroach is severely wounded.
The foxfire hits the giant cockroach.
You kill the giant cockroach!
The hobgoblin closely misses you. The giant cockroach bites you.
* * * LOW HITPOINT WARNING * * *
The hobgoblin hits you but does no damage.
The hobgoblin hits you.
* * * LOW HITPOINT WARNING * * *
The giant cockroach bites you.
You die...

########### #....8....#
#.##...##.# #########
#..##.##..# ........#
##..#+#...#######
.>......#
##..#+#..........
.....?..#
###..##⌠##..#######
........# #.@..+⌠<⌠'..#
........###B#..##⌠##..#
......g.#.g.##..#+#..##
.......†g.#.....# #..#
.....).)#.###..## ##..
........#.# .## ##.
###..####.# #.. .. ##.
#.# #. .. # #.. .#


You could see a giant cockroach and 2 hobgoblins.

Vanquished Creatures
  A giant cockroach (D:1)
  A goblin (D:1)
2 creatures vanquished.

Vanquished Creatures (others)
  5 foxfires (D:1)
5 creatures vanquished.

Grand Total: 7 creatures vanquished

Notes
Turn   | Place    | Note
-------+----------+-------------------------------------------
     0 | D:1      | dolemite99 the Djinni Cinder Acolyte began the quest for
                  | the Orb.
     0 | D:1      | Reached XP level 1. HP: 20/20 MP: 0/0
    37 | D:1      | HP: 1/20 [hobgoblin (1)]
    41 | D:1      | Slain by a giant cockroach

Illustrated notes

Levels and vault maps discovered:
D:1:      grunt_arrival_crossed_arrows, layout_rooms, minmay_small_reverse_x

Action                   || total
-------------------------++-------
Melee: Falchion          ||     1
 Cast: Foxfire           ||     3
Armor: Robe              ||     4
Dodge: Dodged            ||    11

Table legend: (Time is in decaauts)
 A = Elapsed time spent in this place.
 B = Non-inter-level travel time spent in this place.
 C = Inter-level travel time spent in this place.
 D = Time resting spent in this place.
 E = Time spent auto-exploring this place.
 F = Levels seen in this place.
 G = Mean time per level.
                   A        B        C        D        E       F      G
               +--------+--------+--------+--------+--------+-----+--------+
         Total |     41 |     41 |      0 |      0 |     18 |   1 |   41.0 |
       Dungeon |     41 |     41 |      0 |      0 |     18 |   1 |   41.0 |
               +--------+--------+--------+--------+--------+-----+--------+

Top non-repeatable levels by time:
     D:1: 41 daAuts
